 Dungeon Crawl Stone Soup version 0.21-a0-273-g0785366 (webtiles) character file.

9403 madsplatter the Carver (level 11, -25/89 HPs)
             Began as a Mummy Wanderer on Sept 17, 2017.
             Was an Initiate of Gozag.
             Killed by dispel undead
             ... invoked by Josephine
              (33 damage)
             ... on level 10 of the Dungeon.
             The game lasted 00:15:11 (10111 turns).

madsplatter the Carver (Mummy Wanderer)            Turns: 10111, Time: 00:15:12

Health: -25/89     AC: 13    Str: 18    XL:     11   Next: 22%
Magic:  11/11      EV:  9    Int: 14    God:    Gozag
Gold:   767        SH:  0    Dex: 12    Spells: 10/10 levels left

rFire    x . .     SeeInvis .   G - +5 long sword
rCold    + . .     Gourm    .   (no shield)
rNeg     + + +     Faith    .   a - +2 scale mail
rPois    ∞         Spirit   .   s - +0 helmet
rElec    .         Reflect  .   q - +0 cloak
rCorr    .         Harm     .   (no gloves)
MR       +....                  d - +0 pair of boots
Stlth    ..........             o - amulet of regeneration
HPRegen  0.64/turn              E - ring of Cedgh {rPois Int+2}
MPRegen  0.12/turn              t - +4 ring of slaying

@: slowed, very slow
A: no food or potions, fire vulnerability, cold resistance 1, negative energy
resistance 3, torment resistance, unbreathing
a: Potion Petition, Call Merchant, Bribe Branch, Renounce Religion


You were on level 10 of the Dungeon.
You worshipped Gozag.
Gozag was pleased with you.
You were not hungry.

You visited 2 branches of the dungeon, and saw 11 of its levels.
You also visited: Ossuary.

You collected 1553 gold pieces.
You paid 786 gold pieces to Gozag.

Inventory:

Hand Weapons
 k - a +0 blowgun
 z - a +2 great sword of draining
 G - a +5 long sword (weapon)
Missiles
 c - 28 stones (quivered)
 l - 38 poisoned needles
Armour
 a - a +2 scale mail (worn)
 d - a +0 pair of boots (worn)
 q - a +0 cloak (worn)
 s - a +0 helmet (worn)
Jewellery
 e - a +3 amulet of reflection
 f - an uncursed ring of flight
 m - an uncursed ring of ice
 o - an amulet of regeneration (around neck)
 t - a +4 ring of slaying (right hand)
 E - the ring of Cedgh (left hand) {rPois Int+2}
   (You found it on level 8 of the Dungeon)

   [ring of intelligence]

   It affects your intelligence (+2).
   It protects you from poison.
Wands
 r - a wand of clouds (2/9)
 w - a wand of lightning (0/15)
 y - a wand of random effects (31/48)
 D - a wand of random effects (20/48)
 F - a wand of iceblast (2/15)
Scrolls
 b - 5 scrolls of teleportation
 g - 4 scrolls of identify
 h - 2 scrolls of random uselessness
 i - a scroll of magic mapping
 j - 2 scrolls of recharging
 n - 2 scrolls of remove curse
 p - a scroll of enchant armour {unknown}
 u - 2 scrolls of enchant weapon {unknown}
 v - 3 scrolls of fog {unknown}
 A - a scroll of noise {unknown}
 B - a scroll of immolation {unknown}
Books
 x - a book of Frost

   Spells                             Type                      Level
   a - Freeze                         Ice                          1
   b - Throw Frost                    Conjuration/Ice              2
   c - Ozocubu's Armour               Charms/Ice                   3
   d - Throw Icicle                   Conjuration/Ice              4
   e - Summon Ice Beast               Ice/Summoning                4
 C - a book of Maledictions

   Spells                             Type                      Level
   a - Corona                         Hexes                        1
   b - Ensorcelled Hibernation        Hexes/Ice                    2
   c - Confuse                        Hexes                        3
   d - Tukima's Dance                 Hexes                        3
   e - Dazzling Spray                 Conjuration/Hexes            3


   Skills:
 + Level 9.0 Fighting
 * Level 11.0 Long Blades
   Level 1.0 Maces & Flails
 + Level 7.3 Armour
 - Level 1.0 Stealth
   Level 1.0 Shields


You had 10 spell levels left.
You didn't know any spells.

Dungeon Overview and Level Annotations

Branches:
Dungeon (10/15)            Temple (1/1) D:6
   Lair: D:8-11         Orc: D:9-12

Altars:
Dithmenos
Fedhas
Gozag
Hepliaklqana
Kikubaaqudgha
Makhleb
Nemelex Xobeh
Okawaru
Qazlal
Ru
Sif Muna
Trog
Uskayaw
Vehumet
Wu Jian
Yredelemnul
Zin
The Shining One

Shops:
D:6 %   D:8 :

Annotations:
D:3 Sigmund
D:10 Josephine


Innate Abilities, Weirdness & Mutations

You do not eat or drink.
Your flesh is vulnerable to fire.
You are immune to poison.
Your flesh is cold resistant. (rC+)
You are immune to negative energy. (rN+++)
You are immune to unholy pain and torment.
You can survive without breathing.


Message History

Josephine hits you but does no damage.
Unknown command.
You slash Josephine!
Josephine is almost dead.
Josephine hits you but does no damage. x2
You hit Josephine.
Josephine is almost dead.
Josephine barely misses you.
Unknown command.
You closely miss Josephine.
Josephine is almost dead.
Josephine casts a spell at you.
You convulse!
* * * LOW HITPOINT WARNING * * *
You barely miss Josephine.
Josephine is almost dead.
Josephine points at you and mumbles some strange words.
You convulse!
You die...
Your body crumbles into a pile of gold.

#####
##################....
#................#....
#..............(.#....
#................#....
#................'....
#................#....
#................#....
#...$@##...##....#....
#####@##...##....#....
WWW#....#....#....
....#....#....#....
.....#....#....#....
.....##....#..<.#....
#.....##....#....#....
#...........# #....
######..>.


You could see Josephine and 3 wraiths.

Vanquished Creatures
  Harold (D:10)
  4 two-headed ogres
  The ghost of Shiggs the Grave Robber, a novice TeNe (Ossuary)
  2 dream sheep (D:9)
  Grinder (D:5)
  2 hippogriffs (D:7)
  2 wraiths (D:10)
  2 yaks
  2 hungry ghosts
  2 water moccasins (D:9)
  4 ice beasts
  A phantom (D:8)
  A hornet zombie (D:6)
  An orc warrior (D:6)
  5 centaurs
  4 elf zombies (Ossuary)
  8 bullfrogs
  3 big kobolds
  A water moccasin zombie (D:8)
  4 scorpions
  5 killer bees (D:9)
  6 wights
  3 howler monkeys (D:8)
  A crimson imp (D:6)
  4 centaur zombies (Ossuary)
  3 bullfrog skeletons
  3 jellies
  Crazy Yiuf (D:4)
  2 centaur skeletons
  3 hounds
  3 orc wizards
  A human zombie (Ossuary)
  2 iguanas
  4 worker ants
  A hound zombie (D:8)
  2 hound skeletons
  2 mummies (Ossuary)
  3 gnolls (D:6)
  14 adders
  4 shadow imps
  An ooze (D:1)
  An adder zombie (Ossuary)
  An adder skeleton (D:4)
  3 worms (D:3)
  3 dart slugs
  3 leopard geckos
  15 orcs
  A ball python (D:1)
  3 giant cockroaches
  7 goblins
  3 hobgoblins
  6 jackals
  3 quokkas
  9 bats
  5 frilled lizards
  A goblin zombie (Ossuary)
  7 hobgoblin zombies (Ossuary)
  7 kobolds
  11 kobold zombies (Ossuary)
  8 orc zombies (Ossuary)
  3 rats
219 creatures vanquished.

Vanquished Creatures (others)
  Ijyb (D:5)
  A kobold (D:3)
  3 plants (D:9)
5 creatures vanquished.

Grand Total: 224 creatures vanquished

Notes
Turn   | Place    | Note
-------+----------+-------------------------------------------
     0 | D:1      | madsplatter the Mummy Wanderer began the quest for the Orb.
     0 | D:1      | madsplatter set off with: a +2 scale mail, a scroll of teleportation, a +0 falchion
     0 | D:1      | Reached XP level 1. HP: 16/16 MP: 1/1
   142 | D:1      | Reached skill level 2 in Long Blades
   190 | D:1      | Reached XP level 2. HP: 22/22 MP: 2/2
   715 | D:1      | Reached XP level 3. HP: 27/27 MP: 3/3
   880 | D:2      | Found a sparkling altar of Nemelex Xobeh.
   969 | D:2      | Reached skill level 3 in Long Blades
  1981 | D:2      | Reached XP level 4. HP: 31/34 MP: 4/4
  2128 | D:3      | Noticed a centaur
  2381 | D:3      | Killed a centaur
  2381 | D:3      | Reached skill level 4 in Long Blades
  2381 | D:3      | Reached XP level 5. HP: 11/41 MP: 5/5
  3340 | D:3      | Noticed Sigmund
  3486 | D:4      | Reached XP level 6. HP: 46/47 MP: 6/6
  3646 | D:4      | Reached skill level 5 in Long Blades
  3868 | D:4      | Found a runed door.
  4141 | D:4      | Noticed Crazy Yiuf
  4147 | D:4      | Killed Crazy Yiuf
  4221 | D:5      | Entered Level 5 of the Dungeon
  4800 | D:5      | Noticed Grinder
  4803 | D:5      | Paralysed by Grinder for 3 turns
  4807 | D:5      | Paralysed by Grinder for 5 turns
  4820 | D:5      | Killed Grinder
  4820 | D:5      | Reached XP level 7. HP: 45/54 MP: 7/7
  4898 | D:5      | Noticed Ijyb
  4904 | D:5      | Killed Ijyb
  5358 | D:6      | Reached skill level 6 in Long Blades
  5439 | D:6      | Found Iveariacs's Food Shop.
  5468 | D:6      | Reached XP level 8. HP: 33/61 MP: 8/8
  5678 | D:6      | Got a pitted ring mail
  5679 | D:6      | Identified the cursed +1 ring mail of Amacint {rPois rC- Str+8 Dex-4} (You found it on level 6 of the Dungeon)
  5707 | D:6      | Reached skill level 5 in Fighting
  5799 | D:6      | Found a staircase to the Ecumenical Temple.
  5885 | Temple   | Entered the Ecumenical Temple
  6026 | Temple   | Became a worshipper of Gozag Ym Sagoz the Greedy
  6376 | D:7      | Noticed a hippogriff
  6384 | D:7      | Killed a hippogriff
  6384 | D:7      | Reached skill level 7 in Long Blades
  6520 | D:7      | Found a sand-covered staircase.
  6525 | Ossuary  | Entered an ossuary
  6572 | Ossuary  | Noticed Shiggs's ghost (novice TeNe)
  6617 | Ossuary  | Killed Shiggs's ghost
  6617 | Ossuary  | Reached XP level 9. HP: 45/69 MP: 9/9
  6828 | Ossuary  | Reached skill level 8 in Long Blades
  6966 | Ossuary  | Reached skill level 5 in Armour
  7780 | D:8      | Noticed a two-headed ogre
  7809 | D:8      | Killed a two-headed ogre
  7809 | D:8      | Reached skill level 9 in Long Blades
  7956 | D:8      | Found Ofust's Book Emporium.
  7990 | D:8      | Reached XP level 10. HP: 77/79 MP: 10/10
  8210 | D:8      | Noticed a two-headed ogre
  8226 | D:8      | Killed a two-headed ogre
  8454 | D:8      | Found a stormy altar of Qazlal.
  8562 | D:8      | Got a flickering ivory ring
  8564 | D:8      | Identified the ring of Cedgh {rPois Int+2} (You found it on level 8 of the Dungeon)
  9013 | D:9      | Noticed a two-headed ogre
  9032 | D:9      | Killed a two-headed ogre
  9032 | D:9      | Reached skill level 10 in Long Blades
  9385 | D:9      | Noticed a two-headed ogre
  9400 | D:9      | Killed a two-headed ogre
  9573 | D:9      | Noticed a three-headed hydra
  9595 | D:8      | Reached XP level 11. HP: 74/87 MP: 11/11
  9920 | D:10     | Entered Level 10 of the Dungeon
  9930 | D:10     | Noticed Harold
  9957 | D:10     | Killed Harold
 10099 | D:10     | Noticed Josephine
 10100 | D:10     | Reached skill level 11 in Long Blades
 10111 | D:10     | Killed from afar by Josephine

Vault maps used:
D:1:      giann_wishing_wells, corexii_hall_statues_i
D:2:      nemelex_xobeh_ov_fountains_minmay
D:3:      hangedman_abyss_or_decor_lesser_grid, uniq_sigmund
D:4:      uniq_crazy_yiuf_cottage
D:5:      first_bread, uniq_ijyb, uniq_grinder
D:6:      temple_hall, serial_shops, shop
D:7:      nicolae_ossuary_entry_false_entrances, minivault_5
D:8:      kennysheep_little_box, serial_shops, nicolae_shop_crystal
D:9:      hangedman_ranch
D:10:     erik_lair_orcish_takeover, minmay_orc_entry_guard_dogs,
          minmay_misc_feat_rows, kennysheep_cross_room, minmay_misc_feat_iff,
          uniq_urug, uniq_psyche, uniq_josephine, uniq_harold
Temple:   roderic_octagonal_lattice_temple
Ossuary:  ossuary_tomb_1

Skill      XL: |  1  2  3  4  5  6  7  8  9 10 11 |
---------------+----------------------------------+-----
Long Blades    | 2 3 4 5 6 7 9 10 11 | 11.0
Fighting       | 3 4 6 7 8 9 |  9.0
Armour         | 3 4 5 7 |  7.3
Maces & Flails | |  1.0
Stealth        | |  1.0
Shields        | |  1.0

Action                   |  1- 3 |  4- 6 |  7- 9 | 10-12 || total
-------------------------+-------+-------+-------+-------++-------
Melee: Falchion          |   111 |   213 |   465 |   129 ||   918
       Long sword        |       |       |       |   110 ||   110
Invok: Potion Petition   |       |       |     1 |     2 ||     3
Evoke: Wand              |       |       |     7 |    10 ||    17
  Use: Scroll            |       |     7 |     3 |     3 ||    13
 Stab: Distracted        |       |       |     2 |       ||     2
       Confused          |       |       |     1 |     2 ||     3
Armor: Scale mail        |    79 |   110 |   264 |   100 ||   553
Dodge: Dodged            |    71 |    99 |   210 |   111 ||   491
Block: Other             |    13 |    29 |       |       ||    42
       Reflection        |       |     1 |       |       ||     1
       Rpst.: Falchion   |    24 |    36 |    67 |    17 ||   144
       Long sword        |       |       |       |    15 ||    15

Table legend:
 A = Spawn XP
 B = Non-spawn XP
 C = Spawn XP percentage of total XP
 D = Spawn monster count
 E = Non-spawn monster count
 F = Spawn count percentage of total count
 G = Total turns spent on level
                    A         B        C        D         E        F      G
               +---------+---------+-------+---------+---------+-------+---------
         Total |       0 |   13434 |   0.0 |       0 |     220 |   0.0 | 10111
               +---------+---------+-------+---------+---------+-------+---------
           D:1 |       0 |      41 |   0.0 |       0 |      20 |   0.0 |   866
           D:2 |       0 |      68 |   0.0 |       0 |      13 |   0.0 |  1662
           D:3 |       0 |     194 |   0.0 |       0 |      21 |   0.0 |   834
           D:4 |       0 |     263 |   0.0 |       0 |      15 |   0.0 |   859
           D:5 |       0 |     406 |   0.0 |       0 |       8 |   0.0 |  1079
           D:6 |       0 |     764 |   0.0 |       0 |      17 |   0.0 |   769
           D:7 |       0 |    1201 |   0.0 |       0 |      20 |   0.0 |   885
           D:8 |       0 |    3473 |   0.0 |       0 |      29 |   0.0 |  1177
           D:9 |       0 |    4424 |   0.0 |       0 |      33 |   0.0 |  1137
          D:10 |       0 |    1605 |   0.0 |       0 |       4 |   0.0 |   191
       Ossuary |       0 |     995 |   0.0 |       0 |      40 |   0.0 |   492
               +---------+---------+-------+---------+---------+-------+---------
